 Dungeon Crawl Stone Soup version 0.30-a0-630-g881e3bac89 (console) character file.

Game seed: 6185423677961326331

1599 Ignak the Trooper (level 8, 0/83 HPs)
             Began as an Ogre Warper on Jan 13, 2023.
             Slain by a vampire (8 damage)
             ... on level 7 of the Dungeon.
             The game lasted 00:19:08 (7433 turns).

Ignak the Trooper (Ogre Warper)                     Turns: 7433, Time: 00:19:08

Health: 0/83       AC: 10    Str: 18    XL:     8   Next: 94%
Magic:  14/15      EV: 10    Int: 20    God:
Gold:   337        SH:  0    Dex:  8    Spells: 3/17 levels left

rFire   . . .      SeeInvis .    b - +2 hand axe (elec)
rCold   . . .      Faith    .    (no shield)
rNeg    . . .      Spirit   .    q - +0 robe {Will+}
rPois   .          Reflect  .    (helmet currently unavailable)
rElec   .          Harm     .    t - +2 cloak
rCorr   .          Rampage  .    (gloves unavailable)
Will    +....                    (boots unavailable)
Stlth   +                        v - amulet of the acrobat
HPRegen 0.33/turn                y - +4 ring of protection
MPRegen 0.14/turn                C - +6 ring of intelligence

@: appendages
A: horns 2, talons 2, large, unfitting armour, tough skin 1
a: End Transformation


You were on level 7 of the Dungeon.
You had temporarily grown beastly horns and talons.
You visited 1 branch of the dungeon, and saw 7 of its levels.

You collected 337 gold pieces.

Inventory:

Hand Weapons
 a - a +3 mace of draining
 b - a +2 hand axe of electrocution (weapon)
Missiles
 d - a boomerang of dispersal (quivered)
Armour
 q - a +0 robe of willpower (worn)
 t - a +2 cloak (worn)
Jewellery
 v - an amulet of the acrobat (around neck)
 y - a +4 ring of protection (left hand)
 C - a +6 ring of intelligence (right hand)
Wands
 o - a wand of paralysis (9)
Scrolls
 c - 2 scrolls of fear
 f - 4 scrolls of summoning
 i - a scroll of poison
 j - a scroll of magic mapping {unknown}
 m - a scroll of fog
 n - a scroll of identify
 u - 3 scrolls of teleportation
 w - a scroll of amnesia
 x - a scroll of blinking
 z - a scroll of brand weapon
Potions
 e - 2 potions of heal wounds
 g - a potion of haste
 h - a potion of resistance
 k - a potion of berserk rage
 l - a potion of curing
 p - a potion of lignification
 s - a potion of flight {unknown}
 A - a potion of might
 B - a potion of cancellation {unknown}
 D - a potion of magic


   Skills:
 + Level 6.1 Fighting
 * Level 4.2 Maces & Flails
 - Level 2.0 Throwing
 + Level 3.3 Armour
 + Level 4.3 Dodging
 - Level 1.0 Unarmed Combat
 + Level 5.0 Spellcasting
 + Level 4.6 Translocations
 - Level 2.0 Transmutations


You had 3 spell levels left.
You knew the following spells:

 Your Spells              Type           Power      Damage    Failure   Level
a - Teleport Other        Tloc           23%        N/A       4%          3
b - Blink                 Tloc           46%        N/A       2%          2
d - Manifold Assault      Tloc           23%        N/A       17%         4
t - Passwall              Tmut/Erth      7%         N/A       12%         2
x - Wereblood             Tmut           13%        N/A       8%          2
z - Beastly Appendage     Tmut           26%        N/A       4%          1

Your spell library contained the following spells:

 Spells                   Type           Power      Damage    Failure   Level
 Lesser Beckoning         Tloc           46%        N/A       4%          3
 Sandblast                Erth           10%        2d5       12%         1
 Vhi's Electric Charge    Tloc/Air       28%        N/A       13%         3
 Sublimation of Blood     Necr           5%         N/A       17%         2
 Spider Form              Tmut/Pois      9%         N/A       22%         3
 Stone Arrow              Conj/Erth      10%        3d7       34%         3
 Summon Hydra             Summ           2%         N/A       100%        7


Dungeon Overview and Level Annotations

Branches:
Dungeon (7/15)
 Temple: D:4-7

Altars:
Vehumet

Shops:
D:3 ((


Innate Abilities, Weirdness & Mutations

You have temporarily grown beastly horns and talons.
You are too large for most types of armour.
You have tough skin. (AC +1)


Message History

You slash the vampire!
The vampire is severely damaged.
The vampire is no longer paralysed.
The vampire barely misses you. The vampire bites you!
The vampire draws strength from your injuries!
You hit the vampire.
The vampire is almost destroyed.
The vampire draws life force from you!!
The vampire is healed by the life force!
The vampire casts a spell.
The vampire flickers and vanishes!
Deactivating autopickup; reactivate with Ctrl-A.
You completely miss something. Your punch misses something. Something hits you!
Something bites you.
Something draws strength from your injuries!
Casting: Wereblood (safe; 8% risk of failure)
Confirm with . or Enter, or press ? or * to list all spells.
Okay, then.
Casting: Wereblood (safe; 8% risk of failure)
Confirm with . or Enter, or press ? or * to list all spells.
You grow a pair of large bovine horns.
Your feet morph into talons.
Something hits you.
* * * LOW HITPOINT WARNING * * *
Something bites you!
* * * LOW HITPOINT WARNING * * *
Something draws strength from your injuries!
You miss something. Your kick misses something.
Something hits you but does no damage. Something bites you.
* * * LOW HITPOINT WARNING * * *
Something draws strength from your injuries!
You feel much better. Something hits you.
* * * LOW HITPOINT WARNING * * *
Something bites you.
* * * LOW HITPOINT WARNING * * *
Something draws strength from your injuries!
You barely miss something. Your headbutt misses something. Something hits you!
* * * LOW HITPOINT WARNING * * *
Something bites you but does no damage.
You slash something! Your kick misses something. Something hits you!
You die...

#.### # #.# .# #.###
#.# #.#.. ###.# #.#.#
#####...### #.#.#
#....=[...# #.#.#
##.###(# #....
#.##@.....########...
+....{...............
#.##......########...
# ##.#.#.# ##.#
###.#.# ### ....# #
##.### # #.# #..


There were no monsters in sight!

Vanquished Creatures
  An orc warrior (D:5)
  3 black bears
  2 ice beasts (D:5)
  2 ogres
  A phantom (D:5)
  A scorpion (D:5)
  A howler monkey (D:6)
  3 jellies
  An orc priest (D:4)
  3 hounds
  Jessica (D:2)
  A gnoll bouda (D:7)
  Terence (D:3)
  3 iguanas
  Natasha (thrice) (D:3)
  An orc wizard (D:6)
  4 gnolls (D:7)
  9 adders
  2 worms (D:2)
  4 dart slugs
  23 orcs
  8 ball pythons
  6 bats
  15 endoplasms
  4 giant cockroaches
  6 goblins
  9 hobgoblins
  5 quokkas
  A frilled lizard (D:3)
  8 kobolds
  8 rats
140 creatures vanquished.

Notes
Turn   | Place    | Note
-------+----------+-------------------------------------------
     0 | D:1      | Ignak the Ogre Warper began the quest for the Orb.
     0 | D:1      | Reached XP level 1. HP: 22/22 MP: 3/3
   207 | D:1      | Reached XP level 2. HP: 28/29 MP: 3/5
   210 | D:1      | Learned a level 2 spell: Blink
   483 | D:1      | Reached XP level 3. HP: 36/36 MP: 6/6
   769 | D:1      | Learned a level 1 spell: Beastly Appendage
   772 | D:1      | Learned a level 2 spell: Wereblood
   965 | D:2      | Reached skill level 3 in Fighting
  1006 | D:2      | Noticed Jessica
  1644 | D:2      | Reached XP level 4. HP: 45/45 MP: 8/8
  1953 | D:2      | Killed Jessica
  1954 | D:2      | Reached skill level 1 in Armour
  1954 | D:2      | Reached skill level 1 in Unarmed Combat
  2361 | D:2      | Learned a level 3 spell: Teleport Other
  2390 | D:3      | Noticed Terence
  2401 | D:3      | Killed Terence
  2402 | D:3      | Reached XP level 5. HP: 40/53 MP: 3/9
  2578 | D:3      | Found Licloig's Antique Weapon Shoppe.
  2668 | D:3      | Noticed Natasha
  2674 | D:3      | Killed Natasha
  2755 | D:3      | Found Uxtavec's Weapon Emporium.
  2912 | D:3      | Noticed Natasha
  2920 | D:3      | Killed Natasha
  2999 | D:3      | Reached skill level 1 in Transmutations
  3169 | D:3      | Reached XP level 6. HP: 62/62 MP: 6/10
  3220 | D:3      | You fall into a shaft and drop 2 floors!
  3220 | D:5      | Entered Level 5 of the Dungeon
  3220 | D:5      | Found a radiant altar of Vehumet.
  3287 | D:5      | Learned a level 2 spell: Passwall
  3573 | D:4      | Noticed a black bear
  3582 | D:4      | Killed a black bear
  3583 | D:4      | Reached skill level 4 in Fighting
  3819 | D:3      | Noticed Natasha
  3841 | D:3      | Killed Natasha
  4152 | D:4      | Reached XP level 7. HP: 69/70 MP: 12/12
  5045 | D:5      | Reached XP level 8. HP: 79/79 MP: 12/14
  5123 | D:5      | Reached skill level 5 in Fighting
  5778 | D:6      | Learned a level 4 spell: Manifold Assault
  6008 | D:6      | Reached skill level 6 in Fighting
  6008 | D:6      | Reached skill level 5 in Spellcasting
  7407 | D:7      | Noticed a vampire
  7433 | D:7      | Slain by a vampire

Illustrated notes

Levels and vault maps discovered:
D:1:      matt_arrival_spirals, layout_basic, minmay_tromino_v4_b
D:2:      minmay_door_path, layout_basic, kennysheep_flooded_box,
          kennysheep_generic_room_5, uniq_jessica
D:3:      layout_loops_ring, serial_shops, shop, nicolae_shop_stone,
          kennysheep_generic_room_10, uniq_natasha, uniq_terence
D:4:      layout_cave_pools, chequers_jeans, minmay_bent
D:5:      minmay_angry_zag, layout_loops_ring,
          mainiacjoe_overflow_small_starburst
D:6:      layout_layer_cave, minmay_curled_crystal,
          chequers_serial_rivers_micro_a
D:7:      layout_loops_corners, lemuel_coloured_pillars_altar,
          mainiacjoe_overflow_tiny_flanked, minmay_temple_entry_purple_smoke,
          uniq_prince_ribbit1

Skill      XL: |  1  2  3  4  5  6  7  8 |
---------------+-------------------------+-----
Maces & Flails | 2 3 4 |  4.2
Fighting       | 3 4 6 |  6.1
Translocations | 3 4 |  4.6
Armour         | 1 2 3 |  3.3
Unarmed Combat | 1 |  1.0
Spellcasting   | 3 4 5 |  5.0
Throwing       | 2 |  2.0
Transmutations | 1 2 |  2.0
Dodging        | 3 4 |  4.3

Action                   |  1- 3 |  4- 6 |  7- 9 || total
-------------------------+-------+-------+-------++-------
Melee: Mace              |   106 |       |   162 ||   268
       Hand axe          |    11 |   129 |    37 ||   177
       Headbutt          |     7 |    14 |    15 ||    36
       Kick              |     3 |    16 |    29 ||    48
       Punch             |       |     3 |     3 ||     6
Throw: Boomerang         |     6 |       |       ||     6
 Cast: Beastly Appendage |     9 |    16 |    21 ||    46
       Wereblood         |     2 |     7 |    14 ||    23
       Teleport Other    |       |     1 |     2 ||     3
       Blink             |       |       |     3 ||     3
       Manifold Assault  |       |       |     1 ||     1
Evoke: Wand              |       |     1 |     3 ||     4
  Use: Scroll            |     1 |     8 |     7 ||    16
       Potion            |     1 |     1 |     6 ||     8
 Stab: Distracted        |       |     1 |       ||     1
       Paralysed         |       |     2 |     5 ||     7
Armor: Robe              |    45 |    42 |   108 ||   195
Dodge: Dodged            |    78 |    85 |   148 ||   311

Table legend: (Time is in decaauts)
 A = Elapsed time spent in this place.
 B = Non-inter-level travel time spent in this place.
 C = Inter-level travel time spent in this place.
 D = Time resting spent in this place.
 E = Time spent auto-exploring this place.
 F = Levels seen in this place.
 G = Mean time per level.
                   A        B        C        D        E       F      G
               +--------+--------+--------+--------+--------+-----+--------+
         Total |   7552 |   7418 |    134 |   1015 |   4348 |   7 | 1078.9 |
       Dungeon |   7552 |   7418 |    134 |   1015 |   4348 |   7 | 1078.9 |
               +--------+--------+--------+--------+--------+-----+--------+

Top non-repeatable levels by time:
     D:6: 1585 daAuts
     D:3: 1337 daAuts
     D:2: 1274 daAuts
     D:1: 1130 daAuts
     D:5: 1126 daAuts
     D:4: 905 daAuts
     D:7: 192 daAuts
